 Dungeon Crawl Stone Soup version bcrawl-1.22 (webtiles) character file.

Game seed: 7994250068794699409

50420 Banto the Basher (level 14, -1/121 HPs)
             Began as a Demigod Wanderer on May 19, 2020.
             Slain by a hornet (21 damage)
             ... on level 6 of the Lair of Beasts.
             The game lasted 00:42:05 (25751 turns).

Banto the Basher (Demigod Wanderer)                Turns: 25751, Time: 00:42:06

Health: -1/121     AC: 12    Str: 27    XL:     14   Next: 19%
Magic:  25/25      EV: 14    Int: 16    God:    Demigod [*****.]
Gold:   2240       SH:  0    Dex: 17    Spells: 16/16 levels left

rFire    . . .     SeeInvis +   a - +4 mace (flame)
rCold    . . .     Gourm    .   B - +0 buckler
rNeg     . . .     Faith    .   r - +0 chain mail of Biatud {*Slow MR++ rCorr Str+2}
rPois    .         Spirit   .   (no helmet)
rElec    +         Reflect  .   S - +2 cloak "Zeuxah" {rElec}
rCorr    +         Harm     .   G - +0 pair of gloves
MR       ++++.                  M - +1 pair of boots
Stlth    ..........             z - amulet of rage
HPRegen  0.30/turn              T - +5 ring of slaying
MPRegen  0.19/turn              V - ring of see invisible

@: sleeping, corroded, slowed, studying Throwing
A: talons 1, high mp 1, magic resistance 1, sense surroundings 1, strong 1
a: Temporal Distortion, Growth, Major Destruction, Heroism, Divine Shield, Evoke
Berserk Rage


You were on level 6 of the Lair of Beasts.
You worshipped Demigod.
Demigod was extremely pleased with you.
You were not hungry.

You visited 2 branches of the dungeon, and saw 16 of its levels.
You also visited: Ossuary and Gauntlet.

You collected 2240 gold pieces.

Inventory:

Hand Weapons
 a - a +4 mace of flaming (weapon)
 b - a +2 whip of venom
 x - a +0 whip of electrocution
Missiles
 y - 103 poisoned tomahawks (quivered)
 E - 5 throwing nets {!f}
Armour
 r - the +0 chain mail of Biatud (worn) {*Slow MR++ rCorr Str+2}
   (You found it on level 4 of the Lair of Beasts)

   It affects your strength (+2).
   It affects your resistance to hostile enchantments.
   It provides partial protection from all sources of acid and corrosion.
   It may slow you when you take damage.
 B - a +0 buckler (worn)
 G - a +0 pair of gloves (worn)
 M - a +1 pair of boots (worn)
 S - the +2 cloak "Zeuxah" (worn) {rElec}
   (You found it in a Gauntlet)

   It insulates you from electricity.
Jewellery
 z - an amulet of rage (around neck)
 I - an uncursed ring of protection from cold
 T - a +5 ring of slaying (left hand)
 V - a ring of see invisible (right hand)
 W - an uncursed ring of fire
Wands
 u - a wand of digging (11)
 L - a wand of polymorph (12)
 N - a wand of disintegration (8)
 Q - a wand of paralysis (5)
Scrolls
 c - 8 scrolls of teleportation
 e - 3 scrolls of enchant weapon
 g - 3 scrolls of identify
 k - a scroll of brand weapon
 l - 3 scrolls of amnesia
 n - a scroll of fog
 t - 13 scrolls of remove curse
 w - 2 scrolls of magic mapping
 F - 3 scrolls of enchant armour
 J - 3 scrolls of blinking
 K - 2 scrolls of fear
Potions
 f - 2 potions of resistance
 j - 6 potions of brilliance
 m - 7 potions of curing
 o - 3 potions of invisibility
 p - 3 potions of mutation
 q - 3 potions of agility
 s - 5 potions of flight
 v - 2 potions of magic
 A - 3 potions of might
 C - 2 potions of heal wounds
 D - 5 potions of lignification
 H - 3 potions of cancellation
Books
 i - a manual of Throwing
Comestibles
 d - 2 chunks of flesh
 h - 21 rations {!d}


   Skills:
 - Level 10.0 Fighting
 - Level 14.0 Maces & Flails
   Level 0.6(1.3) Polearms
   Level 1.8(9.5) Staves
 + Level 8.2 Throwing
 - Level 10.0 Armour
 + Level 9.1 Dodging
 - Level 1.0 Stealth
 - Level 5.4 Shields
 - Level 1.8 Spellcasting
   Level 1.0 Conjurations
 - Level 10.0 Invocations
 - Level 1.7 Evocations


You had 16 spell levels left.
You didn't know any spells.
Your spell library contained the following spells:

 Spells                   Type           Power        Failure   Level  Hunger
 Magic Dart               Conj           #...         54%         1    #......
 Apportation              Tloc           #.....       67%         1    #......
 Summon Butterflies       Summ           #.......     67%         1    #......
 Summon Small Mammal      Summ           #...         67%         1    #......
 Searing Ray              Conj           #.......     67%         2    ###....
 Call Imp                 Summ           #.....       82%         2    ###....
 Ensorcelled Hibernation  Hex/Ice        #.....       82%         2    ###....
 Iskenderun's Mystic Bla  Conj           #.......     88%         3    ###....
 Conjure Flame            Conj/Fire      #.......     93%         3    ###....
 Beckoning                Tloc           #.........   96%         3    ###....
 Call Canine Familiar     Summ           #.......     96%         3    ###....
 Tukima's Dance           Hex            #.......     96%         3    ###....
 Fulminant Prism          Conj/Hex       #.........   100%        4    #####..
 Summon Ice Beast         Ice/Summ       #.......     100%        4    #####..
 Bolt of Magma            Conj/Fire/Erth #.........   100%        5    ######.
 Irradiate                Conj/Tmut      #.........   100%        5    ######.
 Summon Lightning Spire   Summ/Air       #.......     100%        5    ######.
 Borgnjor's Vile Clutch   Necr/Erth      #.........   100%        6    #######
 Darkness                 Hex            #.........   100%        6    #######
 Infestation              Hex/Tmut/Pois  #........    100%        6    #######
 Invisibility             Hex            #.......     100%        6    #######
 Shadow Creatures         Summ           N/A          100%        6    #######
 Time Stop                Chrm/Tloc      N/A          100%        8    #######
 Fire Storm               Conj/Fire      #.........   100%        9    #######


Dungeon Overview and Level Annotations

Branches:
Dungeon (10/12)            Temple (0/1) D:4            Lair (6/6) D:8
 Shoals (0/3) Lair:4       Spider (0/3) Lair:4        Slime (0/5) Lair:6
    Orc (0/1) D:8

Annotations:
Lair:3 2 transporters
Lair:4 3 runed translucent doors, Quickbrownfox's ghost, journeyman DsAc


Innate Abilities, Weirdness & Mutations

You have an increased reservoir of magic. (+10% MP)
You have sharp toenails.
You are resistant to hostile enchantments. (MR+)
You passively map a small area around you.
Your muscles are strong. (Str +2)


Message History

You feel a bit more experienced.
A yak comes into view.
The yak bellows!
You hear a loud, deep croak!
You hear a croak.
You feel sick.
You are no longer poisoned.
The dream sheep bleats!
A dream sheep comes into view.
Something gores the plant.
A blink frog comes into view.
The blink frog blinks!
A blink frog comes into view.
A yak comes into view.
A dream sheep comes into view. x2
The dream sheep barely misses you. The worker ant misses you.
The dream sheep bleats! x2
The cane toad completely misses you. The dream sheep closely misses you.
The worker ant barely misses you.
A dream sheep comes into view.
The cane toad completely misses you. The hornet stings you!!
You die...
Your divinity fades. , * * .###....P#. , , .......P.# , * * , P......., , PP....

, , ####....# ,
#P..#...# * . ,
Y.#....YaF##....
lYY.Y..Y@F......
,.Yl.Y....y......
,
..........Y.....
##.....#...Y<...,
, ##..##......FP#
, *###**#.#.#F...
, , , *
*#..###... * ,
... ,..P , , *
*,,


You could see 2 yaks, a cane toad, 3 blink frogs, a hornet, a wyvern, 7 dream
sheep and a worker ant.

Vanquished Creatures
  Gastronok (D:7)
  Rupert (Lair:4)
  A cacodemon (Gauntlet)
  An entropy weaver (Lair:6)
  A minotaur (Gauntlet)
  A hydra (shapeshifter) (Gauntlet)
  6 hydras
  Psyche (D:10)
  A catoblepas (Lair:6)
  A two-headed ogre (D:10)
  A tengu warrior (D:7)
  Sonja (Lair:4)
  A cyclops (D:10)
  An orc knight (D:10)
  A harpy (shapeshifter) (Gauntlet)
  6 oklob plants
  A worldbinder (Gauntlet)
  2 ugly things
  A salamander (Lair:1)
  9 elephants
  5 black mambas
  A centaur skeleton (D:10)
  3 cane toads
  An eye of devastation (shapeshifter) (Gauntlet)
  8 komodo dragons
  A rime drake (Lair:6)
  3 trolls
  2 polar bears
  15 blink frogs
  6 hippogriffs
  7 wyverns
  3 spriggans
  A shadow (D:10)
  A wraith (D:9)
  A hungry ghost (D:10)
  2 basilisks
  A neqoxec (Gauntlet)
  28 yaks
  A steam dragon (Lair:2)
  A swamp worm (shapeshifter) (Gauntlet)
  A warg (D:8)
  2 soldier ants (Lair:6)
  9 crocodiles
  12 water moccasins
  6 porcupines
  5 orc warriors
  4 sky beasts
  A hornet zombie (D:10)
  A black bear (Lair:3)
  3 ogres
  An ice beast (D:5)
  An eye of draining (D:6)
  13 wolves
  2 boggarts (Gauntlet)
  4 centaurs
  9 bullfrogs
  2 elf zombies (Ossuary)
  A big kobold (D:8)
  3 gnoll sergeants (D:5)
  13 killer bees
  4 wights (D:9)
  2 electric eels
  4 howler monkeys
  A lava snake (Lair:1)
  A crimson imp (D:5)
  2 quasits
  2 jellies
  7 orc priests
  A gnoll shaman (D:5)
  8 hounds
  3 iguanas
  8 orc wizards
  7 worker ants
  A killer bee zombie (D:6)
  2 big kobold zombies (Ossuary)
  A hound zombie (Ossuary)
  A hound skeleton (D:6)
  4 mummies (Ossuary)
  2 worker ant zombies
  6 adders
  33 gnolls
  2 shadow imps
  3 adder skeletons
  An adder zombie (D:7)
  4 worms
  2 dart slugs
  4 leopard geckos
  32 orcs
  A ball python (D:2)
  12 bats
  3 giant cockroaches
  4 goblins
  8 hobgoblins
  10 jackals
  3 quokkas
  4 frilled lizards
  2 gnoll zombies (Ossuary)
  2 goblin zombies (Ossuary)
  A jackal zombie (D:6)
  14 kobolds
  A quokka zombie (D:6)
  2 rats (D:1)
  3 rat zombies (Ossuary)
441 creatures vanquished.

Vanquished Creatures (others)
  A bush (Lair:5)
  30 fungi
  32 plants
63 creatures vanquished.

Grand Total: 504 creatures vanquished

Notes
Turn   | Place    | Note
-------+----------+-------------------------------------------
     0 | D:1      | Banto the Demigod Wanderer began the quest for the Orb.
     0 | D:1      | Banto set off with the following items: a +2 quarterstaff,
                  | a +0 spear, a scroll of teleportation, a +0 robe, a ration
                  | {!d}
     0 | D:1      | Reached XP level 1. HP: 16/16 MP: 5/5
   360 | D:1      | Reached XP level 2. HP: 11/23 MP: 7/7
   629 | D:1      | Reached skill level 1 in Maces & Flails
   979 | D:2      | Reached * piety under Demigod
  1218 | D:2      | Reached skill level 2 in Maces & Flails
  1218 | D:2      | Reached XP level 3. HP: 24/28 MP: 8/8
  2236 | D:3      | Reached skill level 3 in Maces & Flails
  2236 | D:3      | Reached XP level 4. HP: 8/35 MP: 9/9
  2278 | D:2      | HP: 1/35 [orc/+0 flail (6)]
  3102 | D:3      | Reached skill level 4 in Maces & Flails
  3275 | D:3      | Reached XP level 5. HP: 40/40 MP: 10/10
  3830 | D:3      | Reached ** piety under Demigod
  4388 | D:4      | Noticed a sky beast
  4640 | D:3      | Killed a sky beast
  4640 | D:3      | Reached skill level 5 in Maces & Flails
  4640 | D:3      | Reached XP level 6. HP: 14/47 MP: 7/11
  4961 | D:4      | Noticed a sky beast
  4979 | D:4      | Killed a sky beast
  4979 | D:4      | Reached skill level 6 in Maces & Flails
  4980 | D:4      | Found a staircase to the Ecumenical Temple.
  4982 | D:4      | Noticed a sky beast
  5299 | D:4      | Got a pitted plate armour
  5727 | D:4      | Identified the cursed +0 plate armour of Exclusion {rC++
                  | MR++ Dex-4} (You found it on level 4 of the Dungeon)
  5775 | D:4      | Reached XP level 7. HP: 14/52 MP: 3/12
  6024 | D:4      | Found a snail-covered altar of Cheibriados.
  6027 | D:4      | Found a white marble altar of Elyvilon.
  6030 | D:4      | Found a hide-covered altar of Uskayaw.
  6233 | D:4      | Reached skill level 7 in Maces & Flails
  6332 | D:5      | Entered Level 5 of the Dungeon
  6393 | D:4      | Reached skill level 1 in Invocations
  6505 | D:5      | Found a sand-covered staircase.
  6518 | D:5      | Reached skill level 8 in Maces & Flails
  6518 | D:5      | Reached XP level 8. HP: 42/59 MP: 11/13
  6520 | D:5      | Got a warped hand axe
  6531 | Ossuary  | Entered an ossuary
  7132 | D:5      | Identified 2 scrolls of acquirement
  7132 | D:5      | Identified the +7 longbow "Plojy" {elec, rC++} (You
                  | acquired it on level 5 of the Dungeon)
  7132 | D:5      | Identified the +0 pair of boots of Beogh's Benevolence
                  | {*Slow rN+ Str+5 Int+3} (You acquired it on level 5 of the
                  | Dungeon)
  7132 | D:5      | Identified the ring of Nusahaim {rCorr Int+2} (You acquired
                  | it on level 5 of the Dungeon)
  7132 | D:5      | Identified Vitaci's Compendium of Translocation (You
                  | acquired it on level 5 of the Dungeon)
  7134 | D:5      | Identified the +3 triple sword "Faclan" {slice, Int+9 Dex-5
                  | Stlth+} (You acquired it on level 5 of the Dungeon)
  7134 | D:5      | Identified the ring "Qixior" {rF+ MP+9 Int+2 Dex+6 Stlth-}
                  | (You acquired it on level 5 of the Dungeon)
  7259 | D:5      | Reached skill level 9 in Maces & Flails
  7645 | D:5      | Reached *** piety under Demigod
  7645 | D:5      | Reached skill level 5 in Invocations
  7779 | D:5      | Reached skill level 10 in Maces & Flails
  7901 | D:5      | Reached skill level 1 in Shields
  8438 | D:5      | Gained mutation: Armour fits poorly on your strangely
                  | shaped body. [potion of mutation]
  8438 | D:5      | Gained mutation: Your flesh is cold resistant. (rC+)
                  | [potion of mutation]
  8438 | D:5      | Gained mutation: You have sharp toenails. [potion of
                  | mutation]
  8438 | D:5      | Gained mutation: You are resistant to hostile enchantments.
                  | (MR+) [potion of mutation]
  8439 | D:5      | Lost mutation: Your flesh is cold resistant. (rC+) [potion
                  | of mutation]
  8439 | D:5      | Lost mutation: You have sharp toenails. [potion of
                  | mutation]
  8439 | D:5      | Lost mutation: Armour fits poorly on your strangely shaped
                  | body. [potion of mutation]
  8439 | D:5      | Gained mutation: You have sharp toenails. [potion of
                  | mutation]
  8439 | D:5      | Gained mutation: Your muscles are strong. (Str +2) [potion
                  | of mutation]
  8439 | D:5      | Gained mutation: You passively map a small area around you.
                  | [potion of mutation]
  8500 | D:6      | Reached XP level 9. HP: 61/64 MP: 5/16
  8772 | D:6      | Found a stormy altar of Qazlal.
  9105 | D:6      | Reached **** piety under Demigod
  9166 | D:6      | Reached skill level 11 in Maces & Flails
  9789 | D:7      | Found a glowing silver altar of Zin.
  9789 | D:7      | Noticed a tengu warrior
  9790 | D:7      | Found a basalt altar of Yredelemnul.
  9802 | D:7      | Killed a tengu warrior
 10207 | D:7      | Found a corrupted altar of Lugonu.
 10355 | D:8      | Noticed a troll
 10420 | D:8      | Noticed Gastronok
 10437 | D:7      | Killed Gastronok
 10437 | D:7      | Reached skill level 13 in Maces & Flails
 10437 | D:7      | Reached skill level 5 in Shields
 10437 | D:7      | Reached XP level 10. HP: 23/71 MP: 19/19
 10481 | D:8      | Noticed a green ugly thing
 10583 | D:8      | HP: 2/71 [troll (9)]
 10587 | D:8      | Reached skill level 14 in Maces & Flails
 10911 | D:8      | Found a staircase to the Lair.
 10944 | D:8      | Reached skill level 1 in Armour
 11167 | D:8      | Found a staircase to the Orcish Mines.
 11384 | D:8      | Killed a green ugly thing
 11824 | D:9      | Reached XP level 11. HP: 79/82 MP: 20/20
 12707 | D:9      | Reached skill level 5 in Fighting
 12889 | D:9      | Reached ***** piety under Demigod
 12902 | D:9      | Reached skill level 5 in Armour
 13084 | D:10     | Entered Level 10 of the Dungeon
 13088 | D:10     | Noticed a two-headed ogre
 13097 | D:10     | Killed a two-headed ogre
 13435 | D:10     | Noticed Psyche
 13449 | D:10     | Killed Psyche
 13796 | D:10     | Noticed an orc knight
 13819 | D:10     | Killed an orc knight
 14195 | D:10     | Noticed a brown ugly thing
 14205 | D:10     | Killed a brown ugly thing
 14458 | D:10     | Noticed a cyclops
 14470 | D:10     | HP: 3/91 [cyclops (25)]
 14471 | D:10     | Killed a cyclops
 15008 | Lair:1   | Entered Level 1 of the Lair of Beasts
 15113 | Lair:1   | Noticed a seven-headed hydra
 15124 | Lair:1   | Killed a seven-headed hydra
 15697 | Lair:1   | Reached XP level 12. HP: 48/100 MP: 22/22
 16061 | Lair:1   | HP: 5/100 [salamander/+0 halberd (10)]
 17228 | Lair:2   | Found a gate leading to a gauntlet.
 17237 | Gauntlet | Entered a Gauntlet
 17237 | Gauntlet | Found a transporter.
 17237 | Gauntlet | Found a transporter.
 17389 | Gauntlet | Found a transporter.
 17404 | Gauntlet | Found a transporter.
 17418 | Gauntlet | Found a transporter.
 17434 | Gauntlet | Found a transporter.
 17447 | Gauntlet | Found a transporter.
 17447 | Gauntlet | Noticed a cacodemon
 17458 | Gauntlet | Noticed an ettin
 17460 | Gauntlet | Noticed a spark wasp
 17460 | Gauntlet | an ettin changed into a spark wasp
 17466 | Gauntlet | Noticed a two-headed ogre
 17466 | Gauntlet | a lindwurm changed into a two-headed ogre
 17472 | Gauntlet | Noticed an ice dragon
 17472 | Gauntlet | a spark wasp changed into an ice dragon
 17473 | Gauntlet | a two-headed ogre changed into a lindwurm
 17474 | Gauntlet | Noticed an anaconda
 17474 | Gauntlet | an ice dragon changed into an anaconda
 17485 | Gauntlet | an anaconda changed into a shining eye
 17515 | Gauntlet | Found a transporter.
 17517 | Gauntlet | Noticed a death ooze
 17528 | Gauntlet | Found a transporter.
 17541 | Gauntlet | Noticed an entropy weaver
 17542 | Gauntlet | Found a transporter.
 17558 | Gauntlet | Found a transporter.
 17571 | Gauntlet | Noticed a dire elephant
 17573 | Gauntlet | Found a transporter.
 17587 | Gauntlet | Noticed a dire elephant
 17643 | Gauntlet | Found a transporter.
 17653 | Gauntlet | Found a transporter.
 17678 | Gauntlet | Found a transporter.
 17689 | Gauntlet | Found a transporter.
 17776 | Gauntlet | Noticed an emperor scorpion
 17777 | Gauntlet | Noticed a sea snake
 17777 | Gauntlet | a glowing orange brain changed into a sea snake
 17784 | Gauntlet | a sea snake changed into a cyclops
 17816 | Gauntlet | Noticed a queen ant
 17816 | Gauntlet | an emperor scorpion changed into a queen ant
 17829 | Gauntlet | Noticed a six-headed hydra
 17829 | Gauntlet | a queen ant changed into a six-headed hydra
 17848 | Gauntlet | Killed a six-headed hydra
 17850 | Gauntlet | Noticed a sea snake
 17850 | Gauntlet | a snapping turtle changed into a sea snake
 17856 | Gauntlet | a sea snake changed into a swamp worm
 17868 | Gauntlet | Got a faintly glowing platinum ring
 17879 | Gauntlet | Identified the ring of Tesie {*Corrode MR+ MP+9 Int+2
                  | Stlth+} (You found it in a Gauntlet)
 18022 | Gauntlet | Killed a cacodemon
 18040 | Gauntlet | Got a heavily runed cloak
 18108 | Gauntlet | Noticed a minotaur
 18127 | Gauntlet | Killed a minotaur
 18165 | Gauntlet | Identified the Catalogue of the Arsonist
 18176 | Gauntlet | Got an ancient medium shield
 18298 | Lair:2   | Identified the cursed +0 medium shield of the Tuna {SInv}
                  | (You found it in a Gauntlet)
 18305 | Lair:2   | Identified the +2 cloak "Zeuxah" {rElec} (You found it in a
                  | Gauntlet)
 19573 | Lair:3   | Found a transporter.
 19616 | Lair:3   | Found a transporter.
 19653 | Lair:3   | Reached skill level 10 in Fighting
 19916 | Lair:3   | Reached skill level 10 in Armour
 20215 | Lair:3   | Reached XP level 13. HP: 79/113 MP: 23/23
 20923 | Lair:4   | Found a staircase to the Shoals.
 21117 | Lair:4   | Found a hole to the Spider Nest.
 21297 | Lair:4   | Noticed Rupert
 21343 | Lair:4   | Killed Rupert
 21405 | Lair:4   | Noticed Sonja
 21420 | Lair:4   | Killed Sonja
 21542 | Lair:4   | Reached skill level 10 in Invocations
 21638 | Lair:4   | Got a scorched chain mail
 21677 | Lair:4   | Identified the +0 chain mail of Biatud {*Slow MR++ rCorr
                  | Str+2} (You found it on level 4 of the Lair of Beasts)
 21765 | Lair:4   | Found a runed translucent gate.
 21765 | Lair:4   | Found a runed translucent gate.
 21767 | Lair:4   | Found a runed translucent gate.
 21770 | Lair:4   | Noticed Quickbrownfox's ghost (journeyman DsAc)
 22146 | Lair:3   | Reached skill level 5 in Dodging
 22343 | Lair:3   | Got a clouded wooden ring
 22352 | Lair:3   | Identified the ring "Egeuf" {Ice SInv} (You found it on
                  | level 3 of the Lair of Beasts)
 23423 | Lair:5   | Reached skill level 1 in Throwing
 24553 | Lair:6   | Entered Level 6 of the Lair of Beasts
 24641 | Lair:6   | Reached skill level 5 in Throwing
 24693 | Lair:6   | Found a staircase to the Slime Pits.
 24693 | Lair:6   | Found a viscous altar of Jiyva.
 25230 | Lair:6   | Reached XP level 14. HP: 121/121 MP: 25/25
 25731 | Lair:6   | Noticed an entropy weaver
 25738 | Lair:6   | Noticed an entropy weaver
 25747 | Lair:6   | Killed an entropy weaver
 25751 | Lair:6   | Slain by a hornet

Skill      XL: |  1  2  3  4  5  6  7  8  9 10 11 12 13 14 |
---------------+-------------------------------------------+-----
Maces & Flails | 2 3 4 5 6 8 10 13 14 | 14.0
Invocations    | 3 5 8 10 | 10.0
Shields        | 1 5 |  5.4
Armour         | 3 7 10 | 10.0
Fighting       | 3 7 10 | 10.0
Dodging        | 8 9 |  9.1
Throwing       | 6 8 |  8.2
Polearms       | |  0.6
Staves         | |  1.8
Stealth        | |  1.0
Spellcasting   | |  1.8
Conjurations   | |  1.0
Evocations     | |  1.7

Action                   |  1- 3 |  4- 6 |  7- 9 | 10-12 | 13-15 || total
-------------------------+-------+-------+-------+-------+-------++-------
Melee: Quarterstaff      |    13 |       |       |       |       ||    13
       Mace              |    75 |   123 |   383 |   492 |   427 ||  1500
       Whip              |       |    23 |    68 |   358 |       ||   449
Throw: Tomahawk          |       |     3 |    22 |    11 |    30 ||    66
Invok: Growth            |       |       |     1 |       |       ||     1
       Major Destruction |       |       |     3 |     3 |     6 ||    12
       Heroism           |       |       |     1 |     4 |     1 ||     6
 Abil: Evoke Berserk Rag |       |       |     1 |     7 |       ||     8
Evoke: Wand              |       |       |       |     5 |    19 ||    24
       Phantom mirror    |       |       |       |       |     1 ||     1
  Use: Scroll            |     8 |     9 |     8 |     5 |     5 ||    35
       Potion            |       |       |     2 |     1 |     3 ||     6
 Stab: Sleeping          |     7 |       |       |       |       ||     7
       Distracted        |     1 |       |       |       |     1 ||     2
       Paralysed         |       |       |       |       |     2 ||     2
  Eat: Chunk             |     2 |    11 |    17 |    28 |    18 ||    76
       Ration            |       |       |       |     4 |       ||     4
Armor: Robe              |    14 |       |       |       |       ||    14
       Ring mail         |     3 |    35 |       |       |       ||    38
       Scale mail        |       |    33 |       |       |       ||    33
       Plate armour      |       |     1 |   314 |   326 |    25 ||   666
       Chain mail        |       |       |       |       |   135 ||   135
Dodge: Dodged            |    61 |    65 |   156 |   185 |   189 ||   656
Block: Buckler           |       |       |    29 |   129 |    77 ||   235
